 Dungeon Crawl Stone Soup version 0.31-a0-986-g5e6e4ef867 (webtiles) character file.

Game seed: 2058446510415887787

2384 ytrimaz the Mimic (level 9, -1/53 HPs)
             Began as a Demonspawn Shapeshifter on Nov 17, 2023.
             Was a Follower of Hepliaklqana.
             Slain by a hornet (15 damage)
             ... on level 7 of the Dungeon.
             The game lasted 00:07:08 (5520 turns).

ytrimaz the Mimic (Demonspawn Shapeshifter)         Turns: 5520, Time: 00:07:09

Health: -1/53      AC:  2    Str: 15    XL:     9   Next: 22%
Magic:  18/18      EV: 17    Int: 11    God:    Hepliaklqana [*.....]
Gold:   333        SH:  0    Dex: 17    Spells: 6/8 levels left

rFire   . .          .
                       - Unarmed
rCold   . . .        (no shield)
rNeg    . . .        a - +0 animal skin
rPois   .            (helmet currently unavailable)
rElec   .            (cloak currently unavailable)
rCorr   .            (gloves currently unavailable)
SInv    .            (boots currently unavailable)
Will    .....        (no amulet)
Stlth   ++           e - ring of magical power
HPRegen 0.28/turn    b - +5 ring of evasion
MPRegen 0.16/turn

%: no passive effects
@: lethally poisoned (-1 -> -12), beast-form, slowed, very slow
A: beast (slay +4), reduced essence, hooves 1, horns 1, spiny 1, demonic magic
2, demonic touch 1
a: Begin Untransformation, Renounce Religion, Recall Ancestor, Ancestor Identity


You were on level 7 of the Dungeon.
You worshipped Hepliaklqana.
Hepliaklqana was aware of your devotion.
You were a hulking beast.
You visited 2 branches of the dungeon, and saw 8 of its levels.

You collected 333 gold pieces.


Innate Abilities, Weirdness & Mutations

You are a hulking beast.
Your limbs bulge with bestial killing power. (Slay +4)
Your life essence is reduced to manifest your ancestor. (-10% HP)
You have large cloven feet.
You have a pair of small horns on your head.
You are partially covered in sharp spines.
Spells you cast may paralyse nearby enemies.
Your touch may inflict minor irresistible damage on your foes.


   Skills:
 - Level 1.0 Fighting
 - Level 1.7 Dodging
 + Level 7.6 Unarmed Combat
 * Level 8.6 Shapeshifting


You had 6 spell levels left.
You knew the following spells:

 Your Spells              Type           Power      Damage    Failure   Level
a - Blink                 Tloc           0%         N/A       47%         2

Your spell library contained the following spells:

 Spells                   Type           Power      Damage    Failure   Level
 Sandblast                Erth           0%         2d4       34%         1
 Lesser Beckoning         Tloc           0%         N/A       47%         2
 Momentum Strike          Conj/Tloc      0%         3d8       47%         2
 Passwall                 Tmut/Erth      0%         N/A       47%         2
 Hailstorm                Conj/Ice       0%         3d3       71%         3
 Inner Flame              Hex/Fire       0%         N/A       71%         3
 Stone Arrow              Conj/Erth      0%         3d7       71%         3
 Tukima's Dance           Hex            0%         N/A       71%         3
 Brom's Barrelling Bould  Conj/Erth      0%         2d3       98%         4
 Flame Wave               Conj/Fire      0%         2d4       98%         4
 Passage of Golubria      Tloc           0%         N/A       98%         4
 Sticky Flame             Conj/Fire      0%         2d3       98%         4
 Summon Ice Beast         Ice/Summ       0%         N/A       98%         4
 Yara's Violent Unravell  Hex/Tmut       0%         3d3       100%        5
 Simulacrum               Ice/Necr       0%         N/A       100%        6
 Enfeeble                 Hex            0%         N/A       100%        7

Inventory:

Armour
 a - a +0 animal skin (worn)
 x - the -2 hat "Vuebrid" {+Inv rPois rN++ Will+}
   (You found it on level 7 of the Dungeon)

   rPois:     It protects you from poison rN++: It greatly protects you from
   negative energy.
   Will+:     It increases your willpower.
   +Inv:      It lets you turn invisible.
Jewellery
 b - a +5 ring of evasion (right hand)
   (You found it on level 2 of the Dungeon)
 e - a ring of magical power (left hand)
   (You found it on level 1 of the Dungeon)
 u - a ring of wizardry
   (You found it on level 6 of the Dungeon)
 y - a ring of positive energy
   (You found it on level 7 of the Dungeon)
Talismans
 c - a beast talisman
 d - a flux talisman
 k - a blade talisman
   (You found it on level 2 of the Dungeon)
Wands
 h - a wand of paralysis (20)
   (You found it on level 6 of the Dungeon)
 p - a wand of roots (15)
   (You found it on level 3 of the Dungeon)
 v - a wand of mindburst (4)
   (You found it on level 6 of the Dungeon)
Scrolls
 g - a scroll of enchant armour {unknown}
 j - 4 scrolls of vulnerability
 l - 2 scrolls of noise
 m - 3 scrolls of poison
 o - 2 scrolls of fear {unknown}
 q - a scroll of blinking
 s - 2 scrolls of amnesia
 w - a scroll of teleportation {unknown}
Potions
 f - a potion of heal wounds
 i - 2 potions of brilliance
 n - 3 potions of curing {unknown}
 r - a potion of enlightenment {unknown}
 t - a potion of attraction {unknown}

Dungeon Overview and Level Annotations

Branches:
Dungeon (7/15) Zot: 26950  Temple (1/1) D:5 Zot: 5877

Altars:
Ashenzari
Cheibriados
Dithmenos
Fedhas
Gozag
Hepliaklqana
Kikubaaqudgha
Makhleb
Nemelex Xobeh
Okawaru
Qazlal
Ru
Trog
Uskayaw
Vehumet
Wu Jian
Xom
Yredelemnul

Annotations:
D:3 1 runed translucent door, Crazy Yiuf
D:4 2 runed translucent doors, ytrimaz's ghost, amateur DgSh
D:6 1 runed translucent door, PortalPony's ghost, novice DjFE

. .. .. ##.... ##. #..
... ## ... ....#..#
#####. .....
..#..####.....
....#.#####.#.###...#)..
.......hy...........)..<
......###.......#.#.#)#.
..#........###..#.#)#...
#.......####.##..†..##
##...>.†...##......#.#
<............y.###.....
..#..........#.......##
....#..............#.#
........?..........#.#


You could see a hornet.


Message History

You hit the wyvern. Your kick misses the wyvern.
You touch the wyvern!
The wyvern bites you! 😮 HP[-8]
You take 8 damage, and now have 33/59 hp.
Unknown command.
You hit the wyvern but do no damage. Your touch misses the wyvern.
The wyvern is struck by your spines.
You kill the wyvern! 😮 HP[+1]
You are too injured to fight recklessly!
You see here a wyvern corpse.
You are too injured to fight recklessly!
Hepliaklqana forms a fragment of your life essence into the memory of your ancestor, Tertia!
You can now recall your ancestor.
You can now remember your ancestor's identity. 😮 HP[+1]
You now have 53 max hp (-6).
You swap places.
Found a runed peridot ring.
Found a stone staircase leading down. 😮 HP[+1]
You see here the -2 hat "Vuebrid" {+Inv rPois rN++ Will+}.
x - the -2 hat "Vuebrid" {+Inv rPois rN++ Will+} An iguana comes into view. 😮 HP[+1]
Found a stone staircase leading up. 😮 HP[+1] Tertia hits the iguana.
The iguana hisses menacingly.
You see here a ring of positive energy.
y - a ring of positive energy The iguana barely misses you.
Tertia hits the iguana. 😮 HP[+1]
You hit the iguana but do no damage. Your kick misses the iguana.
The iguana completely misses you.
You are too injured to fight recklessly!
You closely miss the iguana. Your kick misses the iguana.
You touch the iguana!
Tertia hits the iguana but does no damage.
You are too injured to fight recklessly!
You closely miss the iguana. You headbutt the iguana.
You kill the iguana!
Unknown command.
You are too injured to fight recklessly!
You swap places.
You see here an iguana corpse. 😕 HP[+1] No target in view!
A hornet comes into view.
A black bear comes into view.
You see here a wand of paralysis (12).
h - a wand of paralysis (20) (gained 12 charges) 😕 HP[+1] Tertia closely misses the hornet.
The black bear growls angrily.
The hornet stings Tertia!
The black bear closely misses you. The black bear barely misses you.
The black bear closely misses you.
Tertia barely misses the hornet.
The hornet stings Tertia!
You barely miss the black bear. You headbutt the black bear.
Your touch misses the black bear.
The black bear is struck by your spines.
The black bear closely misses you. The black bear misses you.
The black bear closely misses you.
The hornet stings Tertia!
Tertia is destroyed!
You hit the black bear.
You touch the black bear!
The black bear misses you. The black bear claws you. The black bear misses you.
You punch the black bear!
You kill the black bear!
You see here a black bear corpse.
You closely miss the hornet. Your kick misses the hornet.
You headbutt the hornet, but do no damage.
Your touch misses the hornet. The hornet is struck by your spines.
The hornet stings you!
You are poisoned.
You feel yourself slow down. 😮 HP[-8]
You take 8 damage, and now have 33/53 hp.
You hit the hornet. You kick the hornet.
You feel very sick. The hornet is struck by your spines.
The hornet barely misses you. The hornet stings you!
* * * LOW HITPOINT WARNING * * *
You feel as though you will be slow longer. 😨 HP[-19]
You take 19 damage, and now have 14/53 hp.
MASSIVE DAMAGE!! (PAUSE)
You barely miss the hornet.
You feel sick. The hornet stings you.
* * * LOW HITPOINT WARNING * * *
You suddenly lose the ability to move!
The hornet stings you!
* * * LOW HITPOINT WARNING * * *
You are more poisoned.
You feel as though you will be slow longer.
You can move again. 😱 HP[-12]
You take 12 damage, and now have 2/53 hp.
MASSIVE DAMAGE!! (PAUSE)
You feel much better.
* * * LOW HITPOINT WARNING * * *
You feel very sick. The hornet completely misses you.
The hornet is struck by your spines. The hornet stings you!
You die...

Skill      XL: |  1  2  3  4  5  6  7  8 |
---------------+-------------------------+-----
Unarmed Combat | 3 4 5 6 7 |  7.6
Shapeshifting  | 3 4 5 6 8 |  8.6
Fighting       | |  1.0
Dodging        | |  1.7

Action                     |  1- 3 |  4- 6 |  7- 9 || total
---------------------------+-------+-------+-------++-------
  Melee: Unarmed           |   100 |   126 |   133 ||   359
         Punch             |     1 |     3 |     9 ||    13
         Headbutt          |     3 |    32 |    27 ||    62
         Touch             |       |     2 |    28 ||    30
         Kick              |       |       |     1 ||     1
    Use: Potion            |       |     2 |     1 ||     3
         Scroll            |       |       |     6 ||     6
   Stab: Sleeping          |       |     1 |     1 ||     2
 Armour: Animal skin       |    57 |    73 |    45 ||   175
         Skin              |       |    14 |       ||    14
  Dodge: Dodged            |    52 |    95 |    90 ||   237

Levels and vault maps discovered:
D:1:      dpeg_arrival_rhombi, layout_loops_cross
D:2:      layout_loops_ring, basic_altar, kennysheep_decorative_pillar,
          uniq_natasha, uniq_robin
D:3:      layout_basic, minmay_starry_boxes, uniq_crazy_yiuf_cottage,
          uniq_sigmund, uniq_jessica
D:4:      layout_cave_pools, ebering_ghost_disaster_area
D:5:      layout_loops_ring, minmay_temple_entry_enclosed_plants
D:6:      layout_rooms, gammafunk_ghost_grave
D:7:      layout_rooms, nicolae_ossuary_entry_giza, minmay_misc_feat_plants,
          feat_on_display
Temple:   mainiacjoe_temple_archimedes_tessellation

Notes
Turn   | Place    | Note
-------+----------+-------------------------------------------
     0 | D:1      | ytrimaz the Demonspawn Shapeshifter began the quest for the
                  | Orb.
     0 | D:1      | Reached XP level 1. HP: 15/15 MP: 1/1
     0 | D:1      | magus.rc [v1.9.6]
    25 | D:1      | You pick up a book of Misfortune and begin reading...
    25 | D:1      | You add the spells Inner Flame, Yara's Violent Unravelling
                  | and Enfeeble to your library.
    99 | D:1      | Reached skill level 3 in Unarmed Combat
   175 | D:1      | HP: 3/15 [goblin/+0 club (2)]
   176 | D:1      | HP: 1/15 [goblin/+0 club (2)]
   184 | D:1      | Gained mutation: Spells you cast may paralyse adjacent
                  | enemies. [demonic ancestry]
   184 | D:1      | Reached XP level 2. HP: 4/21 MP: 2/2
   645 | D:1      | You pick up a book of the Tundra and begin reading...
   645 | D:1      | You add the spells Hailstorm, Summon Ice Beast and
                  | Simulacrum to your library.
   946 | D:2      | You feel monstrous as your demonic heritage exerts itself.
   946 | D:2      | Discovered your monstrous ancestry.
   946 | D:2      | Gained mutation: You have a pair of small horns on your
                  | head. [demonic ancestry]
   946 | D:2      | Reached XP level 3. HP: 17/26 MP: 3/3
   955 | D:2      | Reached skill level 4 in Unarmed Combat
  1148 | D:2      | Noticed Natasha
  1153 | D:2      | Killed Natasha
  1154 | D:2      | Reached XP level 4. HP: 15/32 MP: 4/4
  1346 | D:2      | Noticed Robin
  1371 | D:2      | Killed Robin
  1401 | D:2      | Noticed Natasha
  1407 | D:2      | HP: 7/32 [cerulean imp/+1 spear[Natasha] (2)]
  1407 | D:2      | HP: 3/32 [Natasha (4)]
  1412 | D:2      | Killed Natasha
  1413 | D:2      | Reached skill level 3 in Shapeshifting
  1413 | D:2      | Gained mutation: You are partially covered in sharp spines.
                  | [demonic ancestry]
  1413 | D:2      | Reached XP level 5. HP: 22/37 MP: 5/5
  1668 | D:2      | Noticed Natasha
  1673 | D:2      | Killed Natasha
  1674 | D:2      | Reached skill level 5 in Unarmed Combat
  1918 | D:3      | You pick up a book of Spatial Translocations and begin
                  | reading...
  1918 | D:3      | You add the spells Blink, Momentum Strike and Lesser
                  | Beckoning to your library.
  2120 | D:3      | You add the spells Tukima's Dance and Passage of Golubria
                  | to your library.
  2264 | D:3      | Noticed Sigmund
  2276 | D:3      | HP: 8/37 [Sigmund/+0 scythe (6)]
  2278 | D:3      | Killed Sigmund
  2279 | D:3      | Reached skill level 4 in Shapeshifting
  2279 | D:3      | Gained mutation: Your touch may inflict minor irresistible
                  | damage on your foes. [demonic ancestry]
  2279 | D:3      | Reached XP level 6. HP: 10/43 MP: 6/6
  2508 | D:3      | Noticed Jessica
  2520 | D:3      | Killed Jessica
  2753 | D:3      | Found a runed translucent door.
  2754 | D:3      | Noticed Crazy Yiuf
  3108 | D:4      | Reached skill level 5 in Shapeshifting
  3227 | D:4      | Reached XP level 7. HP: 39/48 MP: 7/7
  3421 | D:4      | Found a large runed translucent door.
  3421 | D:4      | Found a large runed translucent door.
  3423 | D:4      | Noticed ytrimaz's ghost (amateur DgSh)
  3759 | D:5      | Entered Level 5 of the Dungeon
  3990 | D:5      | Reached skill level 6 in Shapeshifting
  4086 | D:5      | Reached skill level 6 in Unarmed Combat
  4205 | D:5      | Gained mutation: Spells you cast may paralyse nearby
                  | enemies. [demonic ancestry]
  4205 | D:5      | Reached XP level 8. HP: 26/54 MP: 8/8
  4447 | D:5      | Found a staircase to the Ecumenical Temple.
  4455 | Temple   | Entered the Ecumenical Temple
  4538 | Temple   | Became a worshipper of Hepliaklqana the Forgotten
  4739 | D:6      | Reached skill level 7 in Shapeshifting
  4901 | D:6      | You pick up a book of Geomancy and begin reading...
  4901 | D:6      | You add the spells Sandblast, Passwall, Stone Arrow and
                  | Brom's Barrelling Boulder to your library.
  4924 | D:6      | Found a runed translucent door.
  4929 | D:6      | Noticed PortalPony's ghost (novice DjFE)
  4953 | D:6      | Learned a level 2 spell: Blink
  4993 | D:6      | Reached skill level 7 in Unarmed Combat
  5092 | D:6      | Reached skill level 8 in Shapeshifting
  5184 | D:6      | Gained mutation: You have large cloven feet. [demonic
                  | ancestry]
  5184 | D:6      | Reached XP level 9. HP: 32/59 MP: 9/9
  5385 | D:6      | You pick up a book of Flames and begin reading...
  5385 | D:6      | You add the spells Sticky Flame and Flame Wave to your
                  | library.
  5489 | D:7      | Reached * piety under Hepliaklqana
  5493 | D:7      | Identified the -2 hat "Vuebrid" {+Inv rPois rN++ Will+}
  5519 | D:7      | HP: 13/53 [poisoned by a hornet]
  5519 | D:7      | Paralysed by a hornet for 1 turns
  5519 | D:7      | HP: 2/53 [hornet (8)]
  5520 | D:7      | Slain by a hornet

Vanquished Creatures
  Sigmund (D:3)
  A wyvern (D:7)
  A steam dragon (D:6)
  A water moccasin (D:6)
  2 ice beasts (D:6)
  3 black bears
  An ogre (D:5)
  7 scorpions
  A hound (D:6)
  2 jellies (D:6)
  4 orc priests
  Jessica (D:3)
  4 iguanas
  A sleepcap (D:4)
  Natasha (thrice) (D:2)
  8 orc wizards
  Robin (D:2)
  4 gnolls (D:5)
  7 adders
  2 ufetubi (D:6)
  2 worms
  2 dart slugs
  25 orcs
  6 ball pythons
  6 endoplasms
  3 giant cockroaches
  15 goblins
  7 hobgoblins
  5 quokkas
  7 bats
  6 frilled lizards
  8 kobolds
  2 rats
149 creatures vanquished.

Vanquished Creatures (others)
  An ancestor (D:7)
1 creature vanquished.

Grand Total: 150 creatures vanquished

Table legend:
 A = Non-vault XP
 B = Vault XP
 C = Vault XP percentage of total XP
 D = Non-vault monster count
 E = Vault monster count
 F = Vault count percentage of total count
                 A         B        C        D         E       F
            +---------+---------+-------+---------+---------+-------
      Total |    3035 |     372 |  10.9 |     126 |      23 |  15.4
            +---------+---------+-------+---------+---------+-------
        D:1 |      27 |       0 |   0.0 |      17 |       0 |   0.0
        D:2 |     156 |      69 |  30.7 |      17 |      12 |  41.4
        D:3 |      40 |     303 |  88.3 |      17 |      11 |  39.3
        D:4 |     320 |       0 |   0.0 |      25 |       0 |   0.0
        D:5 |     824 |       0 |   0.0 |      23 |       0 |   0.0
        D:6 |    1214 |       0 |   0.0 |      19 |       0 |   0.0
        D:7 |     454 |       0 |   0.0 |       8 |       0 |   0.0
            +---------+---------+-------+---------+---------+-------

Skill      XL: |  1  2  3  4  5  6  7  8 |
---------------+-------------------------+-----
Unarmed Combat | 3 4 5 6 7 |  7.6
Shapeshifting  | 3 4 5 6 8 |  8.6
Fighting       | |  1.0
Dodging        | |  1.7

Action                     |  1- 3 |  4- 6 |  7- 9 || total
---------------------------+-------+-------+-------++-------
  Melee: Unarmed           |   100 |   126 |   133 ||   359
         Punch             |     1 |     3 |     9 ||    13
         Headbutt          |     3 |    32 |    27 ||    62
         Touch             |       |     2 |    28 ||    30
         Kick              |       |       |     1 ||     1
    Use: Potion            |       |     2 |     1 ||     3
         Scroll            |       |       |     6 ||     6
   Stab: Sleeping          |       |     1 |     1 ||     2
 Armour: Animal skin       |    57 |    73 |    45 ||   175
         Skin              |       |    14 |       ||    14
  Dodge: Dodged            |    52 |    95 |    90 ||   237

Illustrated notes

Table legend:
 A = Kills in this place as a percentage of kills in the entire game.
 B = Kills by you in this place as a percentage of kills by you in the entire game.
 C = Kills by friends in this place as a percentage of kills by friends in the entire game.
 D = Other kills in this place as a percentage of other kills in the entire game.
 E = Experience gained in this place as a percentage of experience gained in the entire game.
 F = Experience gained in this place divided by the number of levels of this place that you have seen.
                   A       B       C       D       E      F
               +-------+-------+-------+-------+-------+----------------------
         Total | 100.0 | 100.0 |   N/A |   N/A | 100.0 | 425.9
       Dungeon | 100.0 | 100.0 |   N/A |   N/A | 100.0 | 486.7
               +-------+-------+-------+-------+-------+----------------------

Table legend: (Time is in decaauts)
 A = Elapsed time spent in this place.
 B = Non-inter-level travel time spent in this place.
 C = Inter-level travel time spent in this place.
 D = Time resting spent in this place.
 E = Time spent auto-exploring this place.
 F = Levels seen in this place.
 G = Mean time per level.
                   A        B        C        D        E       F      G
               +--------+--------+--------+--------+--------+-----+--------+
         Total |   5501 |   5311 |    190 |      3 |   4369 |   8 |  687.6 |
       Dungeon |   5378 |   5255 |    123 |      3 |   4340 |   7 |  768.3 |
        Temple |    122 |     55 |     67 |      0 |     29 |   1 |  122.0 |
               +--------+--------+--------+--------+--------+-----+--------+

Top non-repeatable levels by time:
     D:3: 1067 daAuts
     D:2: 1009 daAuts
     D:1: 893 daAuts
     D:5: 848 daAuts
     D:4: 784 daAuts
     D:6: 727 daAuts
  Temple: 122 daAuts
     D:7: 48 daAuts
